 Dungeon Crawl Stone Soup version 0.26-a0-651-gb41185065b (webtiles) character file.

Game seed: 4653939644212394475

134 Irenicus the Chopper (level 4, -6/40 HPs)
             Began as a Deep Dwarf Berserker on Oct 1, 2020.
             Was a Believer of Trog.
             Mangled by an ogre
             ... wielding a +0 giant spiked club
              (27 damage)
             ... on level 4 of the Dungeon.
             The game lasted 00:09:04 (1446 turns).

Irenicus the Chopper (Deep Dwarf Berserker)         Turns: 1446, Time: 00:09:04

Health: -6/40      AC:  8    Str: 20    XL:     4   Next: 95%
Magic:  4/4        EV: 11    Int:  8    God:    Trog [**....]
Gold:   187        SH:  0    Dex: 13    Spells: 3/3 levels left

rFire    . . .     SeeInvis .   a - +1 hand axe
rCold    . . .     Faith    .   (no shield)
rNeg     . . .     Spirit   .   g - +0 ring mail
rPois    .         Reflect  .   (no helmet)
rElec    .         Harm     .   r - +0 cloak
rCorr    .         Rampage  .   d - +1 pair of gloves
MR       ++...                  (no boots)
Stlth    ++........             (no amulet)
HPRegen  1.00/turn              f - ring of stealth {Stlth+}
MPRegen  0.09/turn              (no ring)

@: berserk cooldown, non-regenerating, slowed, very slow
A: damage resistance, heal wounds, sense surroundings 1, no regeneration
a: Heal Wounds, Berserk, Trog's Hand, Renounce Religion


You were on level 4 of the Dungeon.
You worshipped Trog.
Trog was pleased with you.
You visited 1 branch of the dungeon, and saw 4 of its levels.

You collected 187 gold pieces.

Inventory:

Hand Weapons
 a - a +1 hand axe (weapon)
 j - a +0 war axe
   (You found it on level 3 of the Dungeon)
Missiles
 l - 13 javelins (quivered)
Armour
 d - a +1 pair of gloves (worn)
   (You found it on level 1 of the Dungeon)
 g - a +0 ring mail (worn)
   (You found it on level 1 of the Dungeon)
 r - a +0 cloak (worn)
   (You found it on level 2 of the Dungeon)
Jewellery
 f - a ring of stealth (left hand) {Stlth+}
   (You found it on level 3 of the Dungeon)
 n - an uncursed ring of ice {rC+, rF-}
   (You found it on level 4 of the Dungeon)
Wands
 o - a wand of digging (5)
   (You found it on level 2 of the Dungeon)
Scrolls
 c - 3 scrolls of remove curse
 h - a scroll of magic mapping {!r}
 i - 3 scrolls of identify {unknown}
 k - a scroll of enchant weapon
Potions
 b - 3 potions of heal wounds {unknown}
 e - 4 potions of curing {unknown}
 m - a potion of flight {unknown}
 p - a potion of haste {unknown}


   Skills:
 - Level 2.6 Fighting
 + Level 6.3 Axes
 - Level 2.1 Armour
 - Level 2.1 Dodging


You had 3 spell levels left.
You didn't know any spells.
Your spell library was empty.

Dungeon Overview and Level Annotations

Branches:
Dungeon (4/15)
 Temple: D:4-7

Altars:
Nemelex Xobeh


Innate Abilities, Weirdness & Mutations

You are resistant to damage.
You can heal yourself by infusing magical energy.
You passively map a small area around you.
You do not regenerate.


Message History

The worm bites you.
You take 4 damage, and have 15/40 hp.
You slash the worm!
You kill the worm!
Trog accepts your kill.
l - 5 javelins (gained 1)
l - 7 javelins (gained 2);
h - a scroll of magic mapping {!r} You now have 171 gold pieces (gained 10).
You see here a war axe.
j - a war axe An orc comes into view.
The orc shouts!
The orc throws a boomerang.
The boomerang barely misses you.
The weapon returns to the orc!
The orc throws a boomerang.
The boomerang barely misses you.
The weapon returns to the orc!
You slash the orc!
You kill the orc!
Trog accepts your kill.
b - 2 green potions (gained 1)
You see here 2 boomerangs.
You now have 179 gold pieces (gained 8).
l - 13 javelins (gained 6)
Found a stone staircase leading down.
You now have 187 gold pieces (gained 8).
b - 3 green potions (gained 1)
You see here a ring mail.
You see here 23 arrows.
k - a scroll of enchant weapon
There is a stone staircase leading down here.
You climb downwards.
There is a stone staircase leading up here.
e - 4 fuming amethyst potions (gained 1)
A quokka comes into view.
You slash the quokka!
You kill the quokka!
Trog accepts your kill.
Press: ? - help, v - describe, . - travel, g - get item Item here: 4 datura-tipped darts.
The floor.
Unknown command.
n - a notched ruby ring Unknown command.
You feel more attuned to ice.
n - a ring of ice (right hand) Remove which piece of jewellery? (? for menu, Esc to quit)
You remove your ring of ice {rC+, rF-}.
A jackal comes into view.
The jackal barks!
A jackal comes into view.
The jackal moves out of view.
The jackal barks!
You hear an angry hiss.
A jackal comes into view.
The jackal barks!
The jackal bites you but does no damage. x2
You barely miss the jackal. x2
The jackal bites you but does no damage.
The jackal closely misses you.
The jackal bites you but does no damage.
A red film seems to cover your vision as you go berserk!
You feel yourself moving faster!
You feel mighty! The jackal bites you.
The jackal bites you but does no damage.
The jackal barely misses you. x2
You now have 23/60 hp.
You slash the jackal!
You feel the power of Trog in you as your rage grows.
You kill the jackal!
Trog accepts your kill.
You barely miss the jackal. You hit the jackal.
You kill the jackal!
Trog accepts your kill.
The jackal bites you but does no damage.
The jackal barely misses you.
You see here a jackal corpse.
You closely miss the jackal.
The jackal bites you but does no damage.
You slash the jackal!
You kill the jackal!
Trog accepts your kill.
You feel a strong urge to attack something.
You feel your anger nearly subside.
You are no longer berserk.
You are exhausted.
You feel yourself slow down.
You now have 15/40 hp.
You open the door.
An ogre comes into view. It is wielding a +0 giant spiked club.
The ogre shouts!
There is an open door here.
You close the door.
An ogre opens the door.
Your skin crawls.
You feel resistant to hostile enchantments.
The ogre misses you.
You regained 2 hp, and now have 18/40 hp.
You feel the effects of Trog's Hand fading.
The ogre misses you.
You hit the ogre.
The ogre is lightly wounded.
The ogre hits you with a +0 giant spiked club!!
Ouch! That really hurt!
You die...

#.# #....<....# #.#
#.#########.* #.#
#...........
#######*#.#
#.##....(...
.......*#.#
#.##.#######
.......##.###.##.# ,
.......'......##.#
.......##O###.##.# ,
.......*#@# #.##.#
.......*#.# #.##.#
....... #.# #..#.# *
#######*#.# #..#.######
*######.###...........,
............#.########
* ##########..#.#
##.#.## **######....# *


You could see an ogre.

Vanquished Creatures
  4 adders (D:2)
  An ooze (D:1)
  4 worms
  2 dart slugs
  A leopard gecko (D:2)
  5 orcs (D:3)
  8 bats
  5 giant cockroaches
  6 goblins
  8 hobgoblins
  3 jackals (D:4)
  3 kobolds (D:2)
  3 quokkas
  A ball python skeleton (D:3)
  5 frilled lizards
  10 rats
69 creatures vanquished.

Notes
Turn   | Place    | Note
-------+----------+-------------------------------------------
     0 | D:1      | Irenicus the Deep Dwarf Berserker began the quest for the
                  | Orb.
     0 | D:1      | Reached XP level 1. HP: 20/20 MP: 1/1
   149 | D:1      | Reached skill level 4 in Axes
   149 | D:1      | Reached XP level 2. HP: 21/27 MP: 2/2
   361 | D:2      | Reached XP level 3. HP: 33/33 MP: 3/3
   469 | D:2      | Reached ** piety under Trog
   627 | D:2      | Reached skill level 5 in Axes
   781 | D:2      | Reached XP level 4. HP: 35/40 MP: 4/4
  1127 | D:3      | Found a sparkling altar of Nemelex Xobeh.
  1147 | D:3      | Irenicus: ?? curare
  1147 | D:3      | beem: curare[1/2]: A type of poison that will slow you,
                  | poison you, and do large impact damage (called
                  | asphyxiation). To avoid it you can use eXamine to avoid
                  | being in any dart-equipped creature's line of fire for too
                  | long. Poison resistance prevents the poisoning and
                  | asphyxiation, as well as the slowing (being undead will
                  | too).
  1187 | D:3      | Reached skill level 6 in Axes
  1407 | D:4      | Irenicus: ?? datura
  1407 | D:4      | beem: datura[1/1]: Causes temporary {frenzy}; found on some
                  | {darts}.
  1440 | D:4      | Noticed an ogre
  1446 | D:4      | Mangled by an ogre

Illustrated notes

Levels and vault maps discovered:
D:1:      dpeg_arrival_pond, layout_rooms, minmay_quantized
D:2:      layout_basic
D:3:      layout_rooms, nemelex_xobeh_ov_fountains_minmay
D:4:      layout_basic, overflow_temple_1_default,
          nicolae_overflow_hidden_temple, serial_shops,
          nicolae_shop_window_shopping, grunt_dithmenos_smoke

Skill      XL: |  1  2  3  4 |
---------------+-------------+-----
Axes           | 4 5 6 |  6.3
Fighting       | |  2.6
Armour         | |  2.1
Dodging        | |  2.1

Action                   |  1- 3 |  4- 6 || total
-------------------------+-------+-------++-------
Melee: Hand axe          |    93 |    95 ||   188
Throw: Javelin           |     1 |     4 ||     5
Invok: Berserk           |     3 |     3 ||     6
       Trog's Hand       |     1 |     1 ||     2
Evoke: Wand              |       |     1 ||     1
  Use: Scroll            |       |     7 ||     7
Armor: Animal skin       |     6 |       ||     6
       Ring mail         |    22 |    59 ||    81
Dodge: Dodged            |    55 |    78 ||   133

Table legend: (Time is in decaauts)
 A = Elapsed time spent in this place.
 B = Non-inter-level travel time spent in this place.
 C = Inter-level travel time spent in this place.
 D = Time resting spent in this place.
 E = Time spent auto-exploring this place.
 F = Levels seen in this place.
 G = Mean time per level.
                   A        B        C        D        E       F      G
               +--------+--------+--------+--------+--------+-----+--------+
         Total |   1512 |   1512 |      0 |      0 |      0 |   4 |  378.0 |
       Dungeon |   1512 |   1512 |      0 |      0 |      0 |   4 |  378.0 |
               +--------+--------+--------+--------+--------+-----+--------+

Top non-repeatable levels by time:
     D:2: 745 daAuts
     D:1: 380 daAuts
     D:3: 325 daAuts
     D:4: 60 daAuts

Table legend:
 A = Kills in this place as a percentage of kills in entire the game.
 B = Kills by you in this place as a percentage of kills by you in the entire game.
 C = Kills by friends in this place as a percentage of kills by friends in the entire game.
 D = Other kills in this place as a percentage of other kills in the entire game.
 E = Experience gained in this place as a percentage of experience gained in the entire game.
 F = Experience gained in this place divided by the number of levels of this place that you have seen.
                   A       B       C       D       E      F
               +-------+-------+-------+-------+-------+----------------------
         Total | 100.0 | 100.0 |   N/A |   N/A | 100.0 |  48.0
       Dungeon | 100.0 | 100.0 |   N/A |   N/A | 100.0 |  48.0
               +-------+-------+-------+-------+-------+----------------------
